AoeStats
← willrhyd

Black Forest

506690561Analyzed
1v1 RM · 18d ago on Sep 14, 2026· 31m 16s· 2 players
Game mode
Random Map
Map size
Tiny (2 player)
Population
200
Speed
Normal
Resources
Standard
Victory
Conquest
Starting age
Dark Age
Ending age
Imperial Age
RankedLock teamsTeams togetherTeam positionsShared explorationLock speedFull tech treeHidden civsTurbo modeCheats
Victory
Defeat
🇬🇧 Poles · United Kingdom
1618
+13
🇨🇴 Mongols · Colombia
1558
-13
Carboncito
10:24 Feudal Age
14:37 Castle Age
13:14 Double-Bit Axe
13:49 Horse Collar
20:47 Town Watch
22:16 Bow Saw
25:53 Fortified Wall
26:50 Gold Mining
30:13 Imperial Age
28:45 Scale Mail Armor
28:55 Forging
28:45 Loom
29:36 Wheelbarrow
29:26 Fletching
29:59 Ballistics
29:26 Elite Skirmisher
30:38 Thumb Ring
30:57 Bodkin Arrow
willrhyd
0:39 Loom
11:14 Feudal Age
14:53 Castle Age
13:19 Double-Bit Axe
13:53 Horse Collar
15:39 Heavy Plow
16:55 Bow Saw
17:22 Gold Mining
21:13 Wheelbarrow
24:50 Imperial Age
21:55 Crossbowman
22:27 Fletching
23:21 Bodkin Arrow
24:02 Thumb Ring
25:02 Ballistics
24:57 Padded Archer Armor
26:40 Chemistry
26:01 Arbalester
29:54 Bracer
Connection lost

Rejoining the realm…

Still unreachable

The connection could not be restored.

Session expired

The server has moved on; the page needs a fresh start.